 Dungeon Crawl Stone Soup version 0.22-a0-558-gc224181 (webtiles) character file.

411 inc the Skirmisher (level 6, 0/66 HPs)
             Began as an Ogre Hunter on June 26, 2018.
             Slain by a gnoll
             ... wielding a +0 whip
              (3 damage)
             ... on level 4 of the Dungeon.
             The game lasted 00:05:35 (4698 turns).

inc the Skirmisher (Ogre Hunter)                    Turns: 4698, Time: 00:05:36

Health: 0/66       AC:  3    Str: 18 (19) XL:     6   Next: 90%
Magic:  6/6        EV: 10    Int: 16 (17) God:
Gold:   156        SH:  0    Dex:  8 (9)  Spells: 5/5 levels left

rFire    . . .     SeeInvis .   u - -1 flail (curse)
rCold    + . .     Gourm    .   (no shield)
rNeg     . . .     Faith    .   b - +0 robe
rPois    .         Spirit   .   (helmet restricted)
rElec    .         Reflect  .   v - scarf {repulsion}
rCorr    .         Harm     .   (gloves unavailable)
MR       .....                  (boots unavailable)
Stlth    +.........             (no amulet)
HPRegen  0.21/turn              j - ring of protection from cold
MPRegen  0.10/turn              (no ring)

@: brilliant, repel missiles
A: large, unfitting armour, tough skin 1
a: no special abilities


You were on level 4 of the Dungeon.
You were not hungry.

You visited 1 branch of the dungeon, and saw 4 of its levels.

You collected 156 gold pieces.

Inventory:

Hand Weapons
 a - a +0 short sword
 q - a +0 mace
 u - a cursed -1 flail (weapon)
Missiles
 c - a large rock (quivered)
 d - a throwing net
Armour
 b - a +0 robe (worn)
 v - a scarf of repulsion (worn)
Jewellery
 j - a ring of protection from cold (left hand)
Scrolls
 g - 5 scrolls of identify {unknown}
 i - 2 scrolls of enchant weapon {unknown}
 k - 5 scrolls of remove curse {unknown}
 l - a scroll of teleportation {unknown}
 m - a scroll of magic mapping {unknown}
 s - a scroll of amnesia {unknown}
 t - a scroll of enchant armour {unknown}
Potions
 e - a potion of resistance {unknown}
 h - a potion of agility {unknown}
 n - a potion of lignification
 o - a potion of degeneration
 p - a potion of curing {unknown}
 r - a potion of brilliance
Comestibles
 f - 7 rations


   Skills:
 - Level 5.3 Fighting
 + Level 5.2 Maces & Flails
 - Level 4.0 Throwing
 - Level 1.7 Dodging
 - Level 0.6 Stealth


You had 5 spell levels left.
You didn't know any spells.
Your spell library was empty.

Dungeon Overview and Level Annotations

Branches:
Dungeon (4/15)
 Temple: D:4-7

Altars:


Innate Abilities, Weirdness & Mutations

You are too large for most types of armour.
You have tough skin. (AC +1)


Message History

You throw a large rock. The large rock hits the gnoll.
The gnoll is moderately wounded.
The gnoll hits you.
* * * LOW HITPOINT WARNING * * *
The gnoll hits you with a whip.
* * * LOW HITPOINT WARNING * * *
The gnoll hits you.
* * * LOW HITPOINT WARNING * * *
It was a potion of degeneration.
There was something very wrong with that liquid.
You feel weakened.
You feel dopey.
You feel clumsy. The gnoll barely misses you.
The gnoll hits you but does no damage.
Throwing (i - inventory. (/) - cycle)
c - a large rock (quivered)
Press: ? - help, Shift-Dir - straight line, f/p - gnoll
Aim: a gnoll (moderately wounded)
Okay, then.
It was a potion of brilliance.
You feel clever all of a sudden. The gnoll hits you with a whip.
You die...

##....#
#.....#
#....##
##..))#
#.....#
##.....#
#.....##
#.....#
#.@...#
#.)gg..#
#......#
#.......#
#.......#
........#
#........#
.........#


You could see 2 gnolls.

Vanquished Creatures
  Blork the orc (D:4)
  2 scorpions
  An orc priest (D:3)
  A worker ant (D:4)
  An orc wizard (D:3)
  9 adders
  2 gnolls (D:4)
  An ooze (D:3)
  2 dart slugs (D:1)
  4 leopard geckos
  11 orcs (D:3)
  3 giant cockroaches
  5 goblins
  4 hobgoblins
  3 jackals (D:1)
  4 kobolds
  11 bats
  2 frilled lizards (D:2)
  4 rats
71 creatures vanquished.

Notes
Turn   | Place    | Note
-------+----------+-------------------------------------------
     0 | D:1      | inc the Ogre Hunter began the quest for the Orb.
     0 | D:1      | Reached XP level 1. HP: 22/22 MP: 1/1
   115 | D:1      | Reached XP level 2. HP: 19/32 MP: 2/2
   751 | D:1      | Reached XP level 3. HP: 30/40 MP: 3/3
  1257 | D:2      | Reached skill level 5 in Fighting
  1843 | D:2      | Reached XP level 4. HP: 8/50 MP: 4/4
  1853 | D:2      | Reached skill level 1 in Maces & Flails
  2997 | D:3      | Reached XP level 5. HP: 50/57 MP: 5/5
  3512 | D:3      | HP: 1/57 [orc priest/divine providence (10)]
  3514 | D:3      | Reached XP level 6. HP: 1/66 MP: 6/6
  4350 | D:4      | Noticed Blork the orc
  4363 | D:4      | Killed Blork the orc
  4523 | D:4      | Reached skill level 5 in Maces & Flails
  4696 | D:4      | HP: 3/66 [gnoll (2)]
  4698 | D:4      | Slain by a gnoll

Vault maps used:
D:1:      noname_arrival_rooms_in_the_neighbourhood
D:3:      serial_glass, glass_columns_a, glass_columns_a
D:4:      temple_fountains, first_ration, uniq_ijyb, uniq_crazy_yiuf_cottage,
          uniq_sigmund, uniq_blork_the_orc, uniq_menkaure, uniq_pikel,
          uniq_grinder

Skill      XL: |  1  2  3  4  5  6 |
---------------+-------------------+-----
Fighting       | 3 4 5 |  5.3
Maces & Flails | 2 4 5 |  5.2
Throwing       | |  4.0
Dodging        | |  1.7
Stealth        | |  0.6

Action                   |  1- 3 |  4- 6 || total
-------------------------+-------+-------++-------
Melee: Short sword       |   109 |       ||   109
       Mace              |    19 |   127 ||   146
       Flail             |       |    26 ||    26
Throw: Large rock        |    12 |    24 ||    36
       Throwing net      |     1 |     4 ||     5
  Use: Potion            |       |     3 ||     3
 Stab: Sleeping          |       |     2 ||     2
       Held in net/web   |       |     1 ||     1
  Eat: Chunk             |     3 |     7 ||    10
       Ration            |       |     1 ||     1
Armor: Robe              |    67 |    57 ||   124
       Skin              |       |     5 ||     5
Dodge: Dodged            |   118 |   109 ||   227

Table legend:
 A = Spawn XP
 B = Non-spawn XP
 C = Spawn XP percentage of total XP
 D = Spawn monster count
 E = Non-spawn monster count
 F = Spawn count percentage of total count
 G = Total turns spent on level
                    A         B        C        D         E        F      G
               +---------+---------+-------+---------+---------+-------+---------
         Total |       0 |     588 |   0.0 |       0 |      71 |   0.0 |  4698
               +---------+---------+-------+---------+---------+-------+---------
           D:1 |       0 |      43 |   0.0 |       0 |      21 |   0.0 |  1303
           D:2 |       0 |      95 |   0.0 |       0 |      17 |   0.0 |  1478
           D:3 |       0 |     239 |   0.0 |       0 |      28 |   0.0 |  1498
           D:4 |       0 |     211 |   0.0 |       0 |       5 |   0.0 |   419
               +---------+---------+-------+---------+---------+-------+---------
